 Dungeon Crawl Stone Soup version 0.20.1-1-g8b1a95d (webtiles) character file.

6958 Firecrotchwizard the Cleaver (level 10, 0/138 HPs)
             Began as a Minotaur Berserker on Sept 14, 2017.
             Was a High Priest of Trog.
             Slain by a 12-headed hydra (6 damage)
             ... on level 9 of the Dungeon.
             The game lasted 00:17:27 (8247 turns).

Firecrotchwizard the Cleaver (Minotaur Berserker)   Turns: 8247, Time: 00:17:27

Health: 0/138      AC: 22    Str: 26    XL:     10   Next: 81%
Magic:  9/9        EV: 12    Int:  4    God:    Trog [*****.]
Gold:   513        SH:  0    Dex: 14    Spells: 9/9 levels left

rFire    . . .     SeeInvis .   b - +0 war axe
rCold    + . .     Gourm    .   (no shield)
rNeg     . . .     Faith    .   n - +0 plate armour
rPois    .         Spirit   .   A - +2 hat
rElec    .         Reflect  .   (no cloak)
rCorr    .         Harm     .   p - +1 pair of gloves
MR       .....                  P - +2 pair of boots
Stlth    ..........             (no amulet)
Regen    0.4/turn               g - +3 ring of slaying
MPRegen  0.2/turn               a - ring of protection from cold {rC+, !d}

@: berserking, very quick
A: retaliatory headbutt, horns 2
a: Berserk, Trog's Hand, Brothers in Arms, Burn Spellbooks, Renounce Religion


You were on level 9 of the Dungeon.
You worshipped Trog.
Trog was extremely pleased with you.
You were hungry.

You visited 1 branch of the dungeon, and saw 9 of its levels.
You also visited: Ossuary.

You collected 513 gold pieces.

Inventory:

Hand Weapons
 b - a +0 war axe (weapon)
   (You took it off an orc on level 4 of the Dungeon)
Missiles
 J - a throwing net {=f, !d}
 L - 6 tomahawks of returning (quivered)
Armour
 n - a +0 plate armour (worn)
   (You found it on level 3 of the Dungeon)
 p - a +1 pair of gloves (worn)
   (You found it on level 2 of the Dungeon)
 A - a +2 hat (worn)
   (You found it on level 6 of the Dungeon)
 P - a +2 pair of boots (worn)
   (You found it on level 9 of the Dungeon)
Jewellery
 a - a ring of protection from cold (right hand) {rC+, !d}
   (You found it on level 6 of the Dungeon)
 g - a +3 ring of slaying (left hand)
   (You found it on level 1 of the Dungeon)
 z - a +2 ring of dexterity
   (You found it on level 4 of the Dungeon)
Wands
 r - a wand of random effects (19/48)
   (You found it on level 5 of the Dungeon)
 D - a wand of confusion (26/48)
   (You took it off Ijyb on level 4 of the Dungeon)
 F - a wand of acid (6/15)
   (You found it on level 7 of the Dungeon)
 K - a wand of digging (7/24)
   (You found it on level 7 of the Dungeon)
Scrolls
 d - 4 scrolls of fear
 e - a scroll of magic mapping {!r}
 h - 5 scrolls of identify
 i - 3 scrolls of remove curse
 t - 3 scrolls of fog
 y - 6 scrolls of teleportation
 C - a scroll of noise {unknown}
 N - a scroll of immolation {unknown}
Potions
 f - 5 potions of curing
 k - a potion of degeneration {unknown}
 l - 2 potions of heal wounds
 m - 5 potions of agility
 o - 4 potions of mutation {!q}
 q - 2 potions of might
 s - 4 potions of brilliance
 w - a potion of haste {unknown}
 x - 2 potions of lignification {unknown}
 M - 2 potions of experience {unknown}
Comestibles
 c - 3 bread rations {@e1}
 j - 8 royal jellies
 u - 12 fruits
 v - 4 meat rations {@e2}
 B - 14 chunks of flesh {@w0}


   Skills:
 + Level 9.7 Fighting
 * Level 12.5 Axes
 + Level 9.3 Armour
 + Level 8.7 Dodging


You had 9 spell levels left.
You didn't know any spells.

Dungeon Overview and Level Annotations

Branches:
Dungeon (9/15)             Temple (0/1) D:5
   Lair: D:8-11         Orc: D:9-12

Altars:
Nemelex Xobeh
Trog


Innate Abilities, Weirdness & Mutations

You reflexively headbutt those who attack you in melee.
You have a pair of horns on your head.


Message History

You enter the shallow water.
Moving in this stuff is going to be slow.
The three-headed hydra bites you but does no damage. x3
You hit the three-headed hydra.
You slice one of the three-headed hydra's heads off!
The two-headed hydra grows two more!
You slash the four-headed hydra! The four-headed hydra bites you.
The four-headed hydra bites you! The four-headed hydra bites you.
The four-headed hydra bites you!
You take 28 damage, and have 64/92 hp.
MASSIVE DAMAGE!!
You barely miss the four-headed hydra.
Your headbutt misses the four-headed hydra.
The four-headed hydra closely misses you.
The four-headed hydra bites you.
The four-headed hydra bites you but does no damage.
The four-headed hydra bites you.
You take 9 damage, and have 55/92 hp.
You chop one of the four-headed hydra's heads off!
The three-headed hydra grows two more!
You slash the five-headed hydra! You headbutt the five-headed hydra!
The five-headed hydra bites you.
The five-headed hydra bites you but does no damage. x3
The five-headed hydra bites you.
You take 5 damage, and have 50/92 hp.
You hack one of the five-headed hydra's heads off!
The four-headed hydra grows two more!
You slash the six-headed hydra! The six-headed hydra bites you.
The six-headed hydra misses you. The six-headed hydra bites you.
The six-headed hydra bites you but does no damage.
The six-headed hydra bites you.
The six-headed hydra bites you but does no damage.
You take 13 damage, and have 37/92 hp.
You lop one of the six-headed hydra's heads off!
The five-headed hydra grows two more!
You slash the seven-headed hydra!
The seven-headed hydra bites you but does no damage.
The seven-headed hydra barely misses you.
The seven-headed hydra bites you but does no damage. x2
The seven-headed hydra closely misses you.
The seven-headed hydra bites you but does no damage.
The seven-headed hydra bites you!
You take 7 damage, and have 30/92 hp.
You slice one of the seven-headed hydra's heads off!
The six-headed hydra grows two more!
You hit the eight-headed hydra.
You chop one of the eight-headed hydra's heads off!
The seven-headed hydra grows two more!
You slash the nine-headed hydra!
Your headbutt misses the nine-headed hydra.
The nine-headed hydra bites you but does no damage.
The nine-headed hydra bites you.
* * * LOW HITPOINT WARNING * * *
The nine-headed hydra bites you but does no damage. x2
The nine-headed hydra closely misses you.
The nine-headed hydra bites you but does no damage.
The nine-headed hydra barely misses you.
The nine-headed hydra bites you but does no damage. x2
You take 4 damage, and have 26/92 hp.
You chop one of the nine-headed hydra's heads off!
The eight-headed hydra grows two more!
You hit the ten-headed hydra. You headbutt the ten-headed hydra!
The ten-headed hydra bites you but does no damage.
The ten-headed hydra bites you.
* * * LOW HITPOINT WARNING * * *
The ten-headed hydra barely misses you.
The ten-headed hydra bites you but does no damage. x2
The ten-headed hydra bites you.
* * * LOW HITPOINT WARNING * * *
The ten-headed hydra bites you but does no damage. x4
You take 7 damage, and have 19/92 hp.
You chop one of the ten-headed hydra's heads off!
The nine-headed hydra grows two more!
You slash the 11-headed hydra!
The 11-headed hydra bites you but does no damage.
The 11-headed hydra barely misses you. x3
The 11-headed hydra bites you but does no damage. x3
The 11-headed hydra closely misses you.
The 11-headed hydra bites you but does no damage. x3
A red film seems to cover your vision as you go berserk!
You feel yourself moving faster!
You feel mighty!
You are feeling hungry.
The 11-headed hydra barely misses you.
The 11-headed hydra bites you but does no damage.
The 11-headed hydra barely misses you. The 11-headed hydra bites you.
* * * LOW HITPOINT WARNING * * *
The 11-headed hydra bites you but does no damage.
The 11-headed hydra bites you!
* * * LOW HITPOINT WARNING * * *
The 11-headed hydra bites you.
* * * LOW HITPOINT WARNING * * *
The 11-headed hydra bites you.
* * * LOW HITPOINT WARNING * * *
The 11-headed hydra bites you but does no damage. x3
You now have 6/138 hp.
You are too berserk!
You lop one of the 11-headed hydra's heads off!
The ten-headed hydra grows two more!
You slice the 12-headed hydra!! You headbutt the 12-headed hydra!!
The 12-headed hydra bites you but does no damage. x2
The 12-headed hydra closely misses you.
The 12-headed hydra bites you but does no damage.
The 12-headed hydra closely misses you.
The 12-headed hydra bites you but does no damage. x3
The 12-headed hydra bites you.
You die...

.....# ###....## #..#...K.#.#
.....# ###..# #'##P≈P.≈#.# ....##
##.# #%.#≈≈≈≈P#.# ..### ####.##
#.)+.P≈PP#.# ### #..##.#
##########.# ##..##.# #.#
##....#.## ##.#
########......#.##############..#
................@DK............##
#######..........###############
#..........# #..........## ######
#.........#.#####....#
#........##.#........#
##.....(.##..........#
###....####.........#
########..........#


You could see a 12-headed hydra and a big kobold.

Vanquished Creatures
  A two-headed ogre (D:6)
  Pikel (D:4)
  Joseph (D:7)
  The ghost of adeniro the Quickloader, an amateur DDHu (D:4)
  Grinder (D:6)
  2 dream sheep (D:9)
  2 hippogriffs
  Sigmund (D:2)
  A vampire (D:9)
  2 yaks (D:9)
  Eustachio (D:6)
  Menkaure (D:6)
  Edmund (D:4)
  A water moccasin (D:9)
  Duvessa (D:6)
  An orc warrior (D:8)
  A sky beast (D:8)
  A phantom (D:9)
  4 necrophages (D:7)
  2 centaurs
  2 ogres
  2 big kobolds
  A crocodile (D:9)
  4 bullfrogs
  An elf zombie (Ossuary)
  Dowan (D:6)
  A wyvern skeleton (D:8)
  3 scorpions
  4 killer bees (D:9)
  2 wights (D:7)
  2 howler monkeys (D:7)
  A crimson imp (D:9)
  2 hounds
  3 human zombies (Ossuary)
  A jelly (D:9)
  2 orc priests (D:9)
  A bullfrog skeleton (D:4)
  5 iguanas
  Ijyb (D:4)
  7 orc wizards
  9 worker ants
  3 big kobold zombies (Ossuary)
  3 hound zombies (D:7)
  2 hound skeletons (D:9)
  2 mummies (Ossuary)
  A worker ant zombie (D:4)
  3 adders
  An ooze (D:1)
  3 adder skeletons
  2 adder zombies
  4 worms
  4 dart slugs
  6 leopard geckos
  21 orcs
  6 giant cockroaches
  6 goblins
  6 hobgoblins
  9 jackals
  15 kobolds
  2 quokkas
  2 ball pythons
  5 bats
  15 frilled lizards
  A goblin zombie (Ossuary)
  10 hobgoblin zombies (Ossuary)
  2 jackal zombies (Ossuary)
  10 kobold zombies (Ossuary)
  6 orc zombies (Ossuary)
  6 rats
  A plant (D:9)
239 creatures vanquished.

Vanquished Creatures (others)
  A jackal (D:4)
1 creature vanquished.

Grand Total: 240 creatures vanquished

Notes
Turn   | Place    | Note
-------+----------+-------------------------------------------
     0 | D:1      | Firecrotchwizard the Minotaur Berserker began the quest for the Orb.
     0 | D:1      | Reached XP level 1. HP: 19/19 MP: 0/0
    89 | D:1      | HP: 1/20 [kobold/short sword of electrocution (17)]
   569 | D:1      | Reached XP level 2. HP: 27/27 MP: 1/1
   797 | D:1      | Reached skill level 4 in Axes
  1056 | D:2      | Noticed Sigmund
  1099 | D:1      | Reached skill level 4 in Fighting
  1135 | D:2      | Reached XP level 3. HP: 33/33 MP: 2/2
  1172 | D:2      | Reached ** piety under Trog
  1174 | D:2      | HP: 7/33 [something (2)]
  1178 | D:2      | Killed Sigmund
  1178 | D:2      | Reached skill level 5 in Axes
  1178 | D:2      | Reached skill level 3 in Armour
  1178 | D:2      | Reached skill level 3 in Dodging
  1178 | D:2      | Reached XP level 4. HP: 11/41 MP: 3/3
  1178 | D:2      | Reached XP level 5. HP: 13/47 MP: 4/4
  2464 | D:3      | Reached skill level 5 in Fighting
  2464 | D:3      | Reached *** piety under Trog
  2487 | D:3      | Reached XP level 6. HP: 56/56 MP: 5/5
  2564 | D:4      | Got a translucent ring mail
  2575 | D:4      | Identified the +5 ring mail "Kyst" {rElec rN+ Int-5} (You found it on level 4 of the Dungeon)
  2575 | D:4      | Lost intelligence.
  2762 | D:4      | Reached skill level 4 in Armour
  2833 | D:4      | Noticed Ijyb
  2840 | D:4      | Noticed adeniro's ghost (amateur DDHu)
  2852 | D:4      | Killed Ijyb
  2855 | D:4      | Killed adeniro's ghost
  2855 | D:4      | Reached skill level 6 in Axes
  2855 | D:4      | Reached skill level 4 in Dodging
  2855 | D:4      | Reached XP level 7. HP: 55/61 MP: 6/6
  2881 | D:4      | Found a sparkling altar of Nemelex Xobeh.
  2903 | D:4      | Noticed Edmund
  2912 | D:4      | Killed Edmund
  2912 | D:4      | Reached skill level 7 in Axes
  2978 | D:4      | Noticed Pikel
  2994 | D:4      | Killed Pikel
  2994 | D:4      | Reached skill level 6 in Fighting
  2994 | D:4      | Reached skill level 8 in Axes
  2994 | D:4      | Reached skill level 5 in Armour
  2994 | D:4      | Reached skill level 5 in Dodging
  2994 | D:4      | Reached XP level 8. HP: 47/71 MP: 7/7
  3524 | D:5      | Entered Level 5 of the Dungeon
  3532 | D:5      | Noticed a hippogriff
  3542 | D:5      | Killed a hippogriff
  3542 | D:5      | Reached skill level 6 in Armour
  3771 | D:5      | Reached skill level 7 in Fighting
  3832 | D:5      | Found a bloodstained altar of Trog.
  3846 | D:5      | Found a staircase to the Ecumenical Temple.
  4222 | D:6      | Reached skill level 9 in Axes
  4222 | D:6      | Reached skill level 6 in Dodging
  4261 | D:6      | Reached **** piety under Trog
  4327 | D:6      | Noticed Menkaure
  4336 | D:6      | HP: 14/73 [Menkaure (10)]
  4337 | D:6      | Killed Menkaure
  4337 | D:6      | Reached XP level 9. HP: 16/79 MP: 8/8
  4624 | D:6      | Noticed Eustachio
  4631 | D:6      | Killed Eustachio
  4720 | D:6      | Noticed Duvessa
  4721 | D:6      | Noticed Dowan
  4726 | D:6      | Killed Duvessa
  4728 | D:6      | Killed Dowan
  4831 | D:6      | Noticed Grinder
  4842 | D:6      | Killed Grinder
  4842 | D:6      | Reached skill level 7 in Armour
  4935 | D:6      | Reached skill level 10 in Axes
  5163 | D:6      | Noticed a two-headed ogre
  5170 | D:6      | Killed a two-headed ogre
  5170 | D:6      | Reached skill level 8 in Fighting
  5170 | D:6      | Reached skill level 7 in Dodging
  5536 | D:7      | Noticed Joseph
  5562 | D:7      | Killed Joseph
  5562 | D:7      | Reached skill level 11 in Axes
  5562 | D:7      | Reached skill level 8 in Armour
  6004 | D:7      | Reached XP level 10. HP: 86/90 MP: 9/9
  6666 | D:8      | Reached skill level 9 in Fighting
  6753 | D:8      | Found a sand-covered staircase.
  6758 | Ossuary  | Entered an ossuary
  6771 | Ossuary  | Received a gift from Trog
  7410 | D:9      | Reached skill level 8 in Dodging
  7478 | D:9      | Reached ***** piety under Trog
  7655 | D:9      | Reached skill level 12 in Axes
  7856 | D:9      | Reached skill level 9 in Armour
  8203 | D:9      | Noticed a three-headed hydra
  8244 | D:9      | HP: 21/92 [ten-headed hydra (5)]
  8246 | D:9      | HP: 6/138 [11-headed hydra (5)]
  8247 | D:9      | Slain by a 12-headed hydra

Skill      XL: |  1  2  3  4  5  6  7  8  9 10 |
---------------+-------------------------------+-----
Axes           | 4 5 6 8 9 11 12 | 12.5
Fighting       | 4 5 6 7 8 9 |  9.7
Armour         | 3 4 5 6 8 9 |  9.3
Dodging        | 3 4 5 6 7 8 |  8.7

Action                   |  1- 3 |  4- 6 |  7- 9 | 10-12 || total
-------------------------+-------+-------+-------+-------++-------
Melee: Hand axe          |    46 |    85 |    35 |       ||   166
       Headbutt          |     6 |    14 |    39 |    47 ||   106
       War axe           |       |       |   153 |   191 ||   344
Throw: Tomahawk          |       |       |       |    76 ||    76
Invok: Trog's Hand       |     1 |     1 |     5 |       ||     7
       Burn Spellbooks   |       |       |     1 |       ||     1
       Berserk           |       |       |       |     1 ||     1
  Use: Scroll            |       |       |    13 |     1 ||    14
  Eat: Chunk             |     1 |     5 |    10 |     1 ||    17
       Bread ration      |       |       |     1 |     1 ||     2
Armor: Animal skin       |     1 |       |       |       ||     1
       Scale mail        |    18 |    16 |       |       ||    34
       Plate armour      |       |    28 |    79 |   150 ||   257
Dodge: Dodged            |    28 |    37 |    85 |   100 ||   250

Vault maps used:
D:1:      eino_arrival_cavern_a, minmay_misc_feat_x
D:2:      uniq_sigmund
D:3:      first_bread, kennysheep_decorative_pillar, minmay_lizard_king
D:4:      overflow_temple_1_default, uniq_pikel, uniq_ijyb, uniq_edmund
D:5:      minmay_temple_entry_crystal_x, trog_book
D:6:      uniq_eustachio, uniq_grinder, uniq_duvessa, uniq_menkaure
D:7:      serial_undead, serial_undead_f, serial_undead_c, serial_undead_a,
          serial_undead_e, uniq_joseph
D:8:      enter_ossuary_2
D:9:      hangedman_ranch
Ossuary:  ossuary_tomb_1

Table legend:
 A = Turns spent in this place as a percentage of turns spent in the entire game.
 B = Non-inter-level travel turns spent in this place as a percentage of non-inter-level travel turns spent in the entire game.
 C = Inter-level travel turns spent in this place as a percentage of turns spent in this place.
 D = Turns resting spent in this place as a percentage of non-inter-level travel turns spent in this place.
 E = Turns spent auto-exploring this place as a percentage of non-inter-level travel turns spent in this place.
 F = Non-inter-level travel turns spent in this place divided by the number of levels of this place that you've seen.
                   A       B       C       D       E      F
               +-------+-------+-------+-------+-------+----------------------
         Total | 100.0 | 100.0 |   0.9 |   2.1 |  14.0 | 177.7
       Dungeon |  91.1 |  91.1 |   1.0 |   2.3 |  14.3 | 179.8
       Ossuary |   8.9 |   8.9 |   0.0 |   0.0 |  10.7 | 159.0
               +-------+-------+-------+-------+-------+----------------------

Table legend:
 A = Kills in this place as a percentage of kills in entire the game.
 B = Kills by you in this place as a percentage of kills by you in the entire game.
 C = Kills by friends in this place as a percentage of kills by friends in the entire game.
 D = Other kills in this place as a percentage of other kills in the entire game.
 E = Experience gained in this place as a percentage of experience gained in the entire game.
 F = Experience gained in this place divided by the number of levels of this place that you have seen.
                   A       B       C       D       E      F
               +-------+-------+-------+-------+-------+----------------------
         Total | 100.0 | 100.0 |  -nan |  -nan | 100.0 | 994.1
       Dungeon |  83.6 |  83.6 |  -nan |  -nan |  96.3 | 1063.2
       Ossuary |  16.4 |  16.4 |  -nan |  -nan |   3.7 | 372.0
               +-------+-------+-------+-------+-------+----------------------
